 Dungeon Crawl Stone Soup version 0.24.0-13-gcf9b319 (webtiles) character file.

Game seed: 4931744746879327921, levelgen mode: deterministic

30 silenth the Skirmisher (level 3, 0/34 HPs)
             Began as a Naga Fighter on Mar 11, 2020.
             Slain by a hobgoblin
             ... wielding a +0 club
              (4 damage)
             ... on level 2 of the Dungeon.
             The game lasted 00:01:51 (1145 turns).

silenth the Skirmisher (Naga Fighter)               Turns: 1145, Time: 00:01:51

Health: 0/34       AC:  8    Str: 19    XL:     3   Next: 18%
Magic:  3/3        EV:  5    Int:  8    God:
Gold:   103        SH:  8    Dex: 10    Spells: 2/2 levels left

rFire    . . .     SeeInvis +   a - +0 flail
rCold    . . .     Gourm    .   c - +0 shield
rNeg     . . .     Faith    .   b - +0 scale mail
rPois    +         Spirit   .   f - +1 helmet
rElec    .         Reflect  .   (no cloak)
rCorr    .         Harm     .   i - +1 pair of gloves
MR       .....                  (no barding)
Stlth    ..........             (no amulet)
HPRegen  0.11/turn              (no ring)
MPRegen  0.08/turn              (no ring)

@: very slow
A: large, see invisible, deformed body, poison resistance, slowness 2, slow
metabolism 1, spit poison 1, AC +1
a: Spit Poison


You were on level 2 of the Dungeon.
You were not hungry.

You visited 1 branch of the dungeon, and saw 2 of its levels.

You collected 103 gold pieces.

Inventory:

Hand Weapons
 a - a +0 flail (weapon)
Armour
 b - a +0 scale mail (worn)
 c - a +0 shield (worn)
 f - a +1 helmet (worn)
 i - a +1 pair of gloves (worn)
Scrolls
 h - 2 scrolls of teleportation
 r - a scroll of remove curse
Potions
 j - a potion of flight {unknown}
 m - a potion of mutation {unknown}
Comestibles
 e - 4 rations


   Skills:
 + Level 3.4 Fighting
 * Level 3.1 Maces & Flails
 - Level 2.4 Armour
 - Level 2.4 Shields


You had 2 spell levels left.
You didn't know any spells.
Your spell library was empty.

Dungeon Overview and Level Annotations

Branches:
Dungeon (2/15)

Altars:


Innate Abilities, Weirdness & Mutations

You cannot wear boots.
Your serpentine skin is tough. (AC +1)
You have supernaturally acute eyesight. (SInv)
Armour fits poorly on your strangely shaped body.
Your system is resistant to poisons. (rPois)
You cover ground very slowly.
You have a slow metabolism.
You can spit poison.


Message History

The gnoll shaman calls upon its god to speed up the gnoll.
The gnoll seems to speed up.
The gnoll hits you with a +1 flail of crushing!
* * * LOW HITPOINT WARNING * * *
x2
Okay, then.
It was a potion of magic.
Magic courses through your body. The gnoll hits you but does no damage.
You block the hobgoblin's attack. The gnoll completely misses you.
The gnoll hits you with a +1 flail of crushing.
* * * LOW HITPOINT WARNING * * *
x2 The gnoll shaman invokes the aid of its god against you.
You are outlined in light.
It was a potion of cancellation.
You feel strangely stable.
Your magical effects are unravelling.
You feel magically purged.
You are no longer glowing.
You block the gnoll's attack. The gnoll hits you but does no damage.
The hobgoblin hits you with a +0 club.
You die...

#########
#.......###
###.#...#....
##.#.......###
#.g..<........
##g#.......##
#g#........$.
#@#######....
#.gg# ##.
#g### #g . ##


You could see a gnoll shaman, 3 gnolls, a hobgoblin and 2 goblins.

Vanquished Creatures
  A dart slug (D:1)
  A leopard gecko (D:1)
  4 giant cockroaches (D:1)
  7 hobgoblins
  4 bats (D:1)
  2 frilled lizards (D:1)
  4 kobolds (D:1)
  2 rats (D:1)
25 creatures vanquished.

Vanquished Creatures (others)
  4 toadstools (D:1)
4 creatures vanquished.

Grand Total: 29 creatures vanquished

Notes
Turn   | Place    | Note
-------+----------+-------------------------------------------
     0 | D:1      | silenth the Naga Fighter began the quest for the Orb.
     0 | D:1      | Reached XP level 1. HP: 21/21 MP: 1/1
   206 | D:1      | Reached XP level 2. HP: 24/28 MP: 2/2
   773 | D:1      | Reached skill level 3 in Maces & Flails
   773 | D:1      | Reached XP level 3. HP: 34/34 MP: 3/3
  1145 | D:2      | Slain by a hobgoblin

Levels and vault maps discovered:
D:1:      ldierk_water_garden, layout_basic, minivault_4, minmay_octomino_c4
D:2:      layout_loops_cross, first_ration, chequers_ecumenical_altar_lobes

Skill      XL: |  1  2 |
---------------+-------+-----
Maces & Flails | 3 |  3.1
Fighting       | |  3.4
Armour         | |  2.4
Shields        | |  2.4

Action                   || total
-------------------------++-------
Melee: Flail             ||   118
 Abil: Spit Poison       ||     1
  Use: Potion            ||     3
       Scroll            ||     5
Armor: Scale mail        ||   110
Dodge: Dodged            ||    37
Block: Shield            ||   104
